 Dungeon Crawl Stone Soup version 0.22.1-1-ga44c0e5 (webtiles) character file.

149 Monsterracer the Changer (level 5, -7/37 HPs)
             Began as a Merfolk Transmuter on Sept 21, 2018.
             Mangled by a slave (8 damage)
             ... led by Pikel
             ... on level 3 of the Dungeon.
             The game lasted 00:04:28 (3961 turns).

Monsterracer the Changer (Merfolk Transmuter)       Turns: 3961, Time: 00:04:28

Health: -7/37      AC:  2    Str: 11    XL:     5   Next: 31%
Magic:  6/8        EV: 13    Int: 13    God:
Gold:   229        SH:  0    Dex: 14    Spells: 2/8 levels left

rFire    . . .     SeeInvis .     - Unarmed
rCold    . . .     Gourm    .   (no shield)
rNeg     . . .     Faith    .   b - +0 robe
rPois    .         Spirit   .   (no helmet)
rElec    .         Reflect  .   (no cloak)
rCorr    .         Harm     .   (no gloves)
MR       .....                  (no boots)
Stlth    +.........             (no amulet)
HPRegen  0.12/turn              (no ring)
MPRegen  0.11/turn              (no ring)

@: no status effects
A: change form in water, swift swim, stealthy swim
a: no special abilities


You were on level 3 of the Dungeon.
You were hungry.

You visited 1 branch of the dungeon, and saw 4 of its levels.

You collected 229 gold pieces.

Inventory:

Missiles
 a - 63 arrows
Armour
 b - a +0 robe (worn)
Wands
 i - a wand of digging (10)
Scrolls
 g - a scroll of remove curse
 k - 2 scrolls of enchant weapon
Potions
 h - a potion of heal wounds
 l - a potion of brilliance
 m - 2 potions of berserk rage {!q}
 n - a potion of curing
Comestibles
 c - 3 rations


   Skills:
 + Level 1.1 Fighting
 - Level 2.6 Dodging
 * Level 5.1 Unarmed Combat
 - Level 2.0 Spellcasting
 * Level 5.3 Transmutations


You had 2 spell levels left.
You knew the following spells:

 Your Spells              Type           Power        Failure   Level  Hunger
a - Sticks to Snakes      Tmut           ###.....     4%          2    ###....
c - Spider Form           Tmut/Pois      #.........   26%         3    ####...
j - Beastly Appendage     Tmut           ###...       3%          1    ##.....

Your spell library contained the following spells:

 Spells                   Type           Power        Failure   Level  Hunger
 Blade Hands              Tmut           ###.......   63%         5    ######.
 Ice Form                 Ice/Tmut       #.......     65%         4    #####..


Dungeon Overview and Level Annotations

Branches:
Dungeon (4/15)
 Temple: D:4-7

Altars:
Nemelex Xobeh
Ru
Uskayaw
Wu Jian

Annotations:
D:4 Pikel


Message History

Found a rapier.
There is a stone staircase leading up here.
As you read the scroll labeled BEIMNI POETA, it crumbles to dust.
It is a scroll of identify.
h - a potion of heal wounds
As you read the scroll of identify, it crumbles to dust.
l - a potion of brilliance
As you read the scroll of identify, it crumbles to dust.
m - 2 potions of berserk rage
As you read the scroll labeled TEMUTU PAHUCS, it crumbles to dust.
You feel strangely unstable.
It was a scroll of teleportation.
As you read the scroll labeled ZEFAKO ZAULOST, it crumbles to dust.
You assume a fearsome visage.
Nothing appears to happen.
It was a scroll of fear.
As you read the scroll labeled JUSISHOOMA, it crumbles to dust.
You feel blessed for a moment.
It was a scroll of remove curse.
Okay, then.
As you read the scroll labeled UTIAKE EGUYZUD, it crumbles to dust.
It is a scroll of enchant weapon.
You aren't carrying any weapons that can be enchanted.
Your surroundings suddenly seem different.
A slave comes into view.
The slave shouts!
A slave comes into view.
The slave shouts!
Pikel the Slaver comes into view.
He is wielding a whip of electrocution.
Pikel shouts!
A slave comes into view. x2
Found 8 gold pieces.
Found a stone staircase leading down.
The slave shouts!
The slave barely misses you. The slave closely misses you. The slave hits you!
The slave hits you.
You take 12 damage, and have 25/37 hp.
MASSIVE DAMAGE!!
The slave hits you. The slave closely misses you.
You take 6 damage, and have 19/37 hp.
The slave hits you.
* * * LOW HITPOINT WARNING * * *
You take 6 damage, and have 13/37 hp.
Pikel sighs. "I should capture elves; my bodyguards all look the same!"
The slave hits you.
* * * LOW HITPOINT WARNING * * *
You take 3 damage, and have 11/37 hp.
The slave hits you.
* * * LOW HITPOINT WARNING * * *
You take 5 damage, and have 6/37 hp.
Casting: Sticks to Snakes (safe; 4% risk of failure)
Confirm with . or Enter, or press ? or * to list all spells.
You turn into a venomous arachnid creature.
Your +0 robe melds into your body.
The slave hits you.
* * * LOW HITPOINT WARNING * * *
You take 5 damage, and have 1/37 hp.
You now have 5/8 mp.
Found a stone staircase leading up.
Your transformation is almost over.
There is a stone staircase leading up here.
The slave misses you.
You climb upwards.
All of the chunks of flesh in your inventory have rotted away.
There is a stone staircase leading down here.
Your transformation has ended.
Your +0 robe unmelds from your body.
MP restored: 8
Casting: Spider Form (safe; 26% risk of failure)
Confirm with . or Enter, or press ? or * to list all spells.
You create a snake!
You now have 64 arrows.
You are feeling hungry.
The slave hits you.
* * * LOW HITPOINT WARNING * * *
You take 1 damage, and have 5/37 hp.
You now have 6/8 mp.
Your adder bites the slave but does no damage.
Your adder bites the slave.
The slave is poisoned.
Your adder poisons the slave!
A kobold comes into view. It is wielding a short sword.
Your adder bites the slave but does no damage.
You see here a ring mail.
You see here 17 bolts.
The slave looks more healthy.
The kobold throws a stone.
The stone closely misses you.
The stone barely misses the slave.
The stone barely misses your adder.
Your adder bites the slave.
You see here a dagger.
Your adder bites the slave but does no damage.
You see here a club.
MP restored: 8 Your adder completely misses the slave.
Your adder barely misses the slave.
There is a stone staircase leading up here.
The slave barely misses you.
Your adder bites the slave.
Your adder bites the slave.
The kobold hits you but does no damage.
Your adder withers and dies!
Casting: Sticks to Snakes (safe; 4% risk of failure)
Confirm with . or Enter, or press ? or * to list all spells.
You create a snake!
You now have 63 arrows.
The slave hits you!
* * * LOW HITPOINT WARNING * * *
You take 8 damage, and have 1/37 hp.
MASSIVE DAMAGE!!
You now have 6/8 mp.
Your adder closely misses the kobold.
The slave barely misses you.
Your adder bites the kobold.
The slave hits you!
You die...

...# #...###.##......#.##.#
#########...###.####......##.# #
#.........##.####..#.####.### #
#.####.#....................#
###### ##.#..###.#..#.##.####.#
#.#.######.#..###.#[........##.##
#.#.##.#....(.....S.......#......
.....#.#.#.#.....pK........<...##
....⌠#.#.#.#....@.........#..#.#
#.#._#...#.#...................#
###.##.......#.....#...#########
######.##.#.########..>#
.#.....##÷..# ##.##
.#########.### ##.# .## #.....#
#..# ..# #.....# #.## #.# #.....#
#.#


You could see a slave, a kobold and a friendly adder.

Vanquished Creatures
  An orc priest (D:3)
  A gnoll (D:1)
  An adder (D:2)
  2 oozes (D:3)
  A worm (D:2)
  2 dart slugs (D:3)
  4 leopard geckos
  5 orcs (D:3)
  2 ball pythons
  4 giant cockroaches
  8 goblins
  5 hobgoblins
  2 jackals (D:2)
  6 kobolds
  8 bats
  2 frilled lizards
  7 rats
61 creatures vanquished.

Vanquished Creatures (collateral kills)
  2 adders (D:2)
  A goblin (D:2)
3 creatures vanquished.

Grand Total: 64 creatures vanquished

Notes
Turn   | Place    | Note
-------+----------+-------------------------------------------
     0 | D:1      | Monsterracer the Merfolk Transmuter began the quest for the
                  | Orb.
     0 | D:1      | Reached XP level 1. HP: 15/15 MP: 3/3
   350 | D:1      | Reached XP level 2. HP: 21/21 MP: 3/5
   634 | D:1      | HP: 7/21 [gnoll/club (6)]
   639 | D:1      | HP: 3/21 [gnoll/club (4)]
   650 | D:1      | Learned a level 2 spell: Sticks to Snakes
   980 | D:1      | Reached XP level 3. HP: 19/26 MP: 6/6
  1310 | D:1      | Learned a level 3 spell: Spider Form
  1608 | D:2      | Found an ornate altar of the Wu Jian Council.
  1702 | D:2      | Found a faded altar of an unknown god.
  1718 | D:2      | Became a worshipper of Uskayaw the Reveler
  1718 | D:2      | Reached * piety under Uskayaw
  1743 | D:2      | Fell from the grace of Uskayaw
  2028 | D:2      | HP: 12/26 [adder (3)]
  2036 | D:2      | HP: 8/26 [poisoned by an adder]
  2043 | D:2      | HP: 6/26 [poisoned by an adder]
  2270 | D:2      | HP: 13/26 [adder (1)]
  2271 | D:2      | HP: 5/26 [adder (2)]
  2274 | D:2      | Reached XP level 4. HP: 4/32 MP: 4/7
  3099 | D:3      | Reached skill level 5 in Transmutations
  3104 | D:3      | Reached XP level 5. HP: 32/37 MP: 2/8
  3319 | D:3      | Reached skill level 5 in Unarmed Combat
  3576 | D:3      | Found a sparkling altar of Nemelex Xobeh.
  3580 | D:3      | Found a sacrificial altar of Ru.
  3873 | D:4      | Noticed a slave
  3873 | D:4      | Noticed a slave
  3873 | D:4      | Noticed Pikel
  3873 | D:4      | Noticed a slave
  3873 | D:4      | Noticed a slave
  3879 | D:4      | HP: 13/37 [slave[Pikel] (6)]
  3884 | D:4      | HP: 6/37 [slave[Pikel] (5)]
  3886 | D:4      | HP: 1/37 [slave[Pikel] (5)]
  3925 | D:3      | HP: 5/37 [slave[Pikel] (1)]
  3957 | D:3      | HP: 1/37 [slave[Pikel] (8)]
  3961 | D:3      | Mangled by a slave

Skill      XL: |  1  2  3  4  5 |
---------------+----------------+-----
Transmutations | 3 4 5 |  5.3
Unarmed Combat | 4 5 |  5.1
Fighting       | |  1.1
Dodging        | |  2.6
Spellcasting   | |  2.0

Action                   |  1- 3 |  4- 6 || total
-------------------------+-------+-------++-------
Melee: Unarmed           |   116 |    77 ||   193
       Headbutt          |     6 |     1 ||     7
 Cast: Beastly Appendage |    15 |     1 ||    16
       Sticks to Snakes  |     4 |     3 ||     7
       Spider Form       |     1 |     3 ||     4
Invok: Renounce Religion |     1 |       ||     1
  Use: Potion            |     1 |     2 ||     3
       Scroll            |       |     7 ||     7
 Stab: Sleeping          |     2 |       ||     2
  Eat: Chunk             |     4 |     3 ||     7
       Ration            |       |     1 ||     1
Armor: Robe              |    14 |    12 ||    26
       Skin              |     1 |       ||     1
Dodge: Dodged            |    81 |    72 ||   153

Vault maps used:
D:1:      dpeg_arrival_simpleton_a, grunt_decor_fettered, due_unseen_surprise
D:2:      nicolae_overflow_crystal_walls, chequers_ecumenical_altar_simple,
          first_ration
D:3:      minitemple
D:4:      lemuel_doored_altar, uniq_pikel
